TOP OF THE 1ST |
Redwood City Redwoods batting - Pitching for Vancouver Vipers : LHP Malcolm Moore
|
Pitching: LHP Malcolm Moore
|
|
Batting: LHB Eduardo Alomar
|
0-0: Foul Ball, location: 2F 0-1: Swinging Strike 0-2: Strikes out swinging
|
Batting: LHB Juan Hernández
|
0-0: Called Strike 0-1: Called Strike 0-2: Ball 1-2: Foul Ball, location: 2F 1-2: Ball 2-2: Foul Ball, location: 2F 2-2: Strikes out looking
|
Batting: LHB Tom Waller
|
0-0: Ball 1-0: SINGLE (Groundball, 4MD)
|
Batting: RHB Edgardo Gonzáles
|
0-0: Ball 1-0: Foul Ball, location: 2F 1-1: Called Strike 1-2: Ball 2-2: Fly out, F9 (Flyball, 89D)
|
Top of the 1st over - 0 run(s), 1 hit(s), 0 error(s), 1 left on base; Redwood City 0 - Vancouver 0 |
BOTTOM OF THE 1ST |
Vancouver Vipers batting - Pitching for Redwood City Redwoods : RHP Manuel Mora
|
Pitching: RHP Manuel Mora
|
|
Batting: RHB Guillermo Sánchez
|
0-0: Ball 1-0: Called Strike 1-1: SINGLE (Groundball, 6MD)
|
Batting: RHB Oscar Rudd
|
0-0: Called Strike 0-1: Fly out, F7 (Line Drive, 78M)
|
Batting: RHB Dan Tyler
|
0-0: Foul Ball, location: 2F 0-1: Ball 1-1: Called Strike 1-2: Foul Ball, location: 2F 1-2: Grounds into double play, 4-6-3 (Groundball, 4M)
|
Bottom of the 1st over - 0 run(s), 1 hit(s), 0 error(s), 0 left on base; Redwood City 0 - Vancouver 0 |
TOP OF THE 2ND |
Redwood City Redwoods batting - Pitching for Vancouver Vipers : LHP Malcolm Moore
|
Batting: LHB Patrick Bright
|
0-0: Called Strike 0-1: Ball 1-1: Swinging Strike 1-2: Ball 2-2: Foul Ball, location: 2F 2-2: Ball 3-2: Ground out 1-3 (Groundball, 15S)
|
Batting: LHB Tony Warrilow
|
0-0: Ball 1-0: Ball 2-0: Called Strike 2-1: Swinging Strike 2-2: Strikes out swinging
|
Batting: RHB Anastasio García
|
0-0: Called Strike 0-1: Ball 1-1: Ball 2-1: Swinging Strike 2-2: Foul Ball, location: 2F 2-2: Ground out 5-3 (Groundball, 56)
|
Top of the 2nd over - 0 run(s), 0 hit(s), 0 error(s), 0 left on base; Redwood City 0 - Vancouver 0 |
BOTTOM OF THE 2ND |
Vancouver Vipers batting - Pitching for Redwood City Redwoods : RHP Manuel Mora
|
Batting: SHB Henry Copeland
|
0-0: Ball 1-0: Ball 2-0: Called Strike 2-1: Swinging Strike 2-2: Strikes out swinging
|
Batting: RHB Xavier Feliciano
|
0-0: Ball 1-0: Ball 2-0: Swinging Strike 2-1: Ground out 1-3 (Groundball, 15)
|
Batting: RHB Cristo Gilera
|
0-0: Called Strike 0-1: Ball 1-1: Foul Ball, location: 2F 1-2: Ball 2-2: Strikes out looking
|
Bottom of the 2nd over - 0 run(s), 0 hit(s), 0 error(s), 0 left on base; Redwood City 0 - Vancouver 0 |
TOP OF THE 3RD |
Redwood City Redwoods batting - Pitching for Vancouver Vipers : LHP Malcolm Moore
|
Batting: RHB Fu Tse
|
0-0: Ball 1-0: Foul Ball, location: 2F 1-1: Fly out, F4 (Popup, 4D)
|
Batting: RHB Dan Martin
|
0-0: Ball 1-0: Swinging Strike 1-1: SINGLE (Line Drive, 9S)
|
Batting: LHB Eduardo Alomar
|
0-0: Called Strike 0-1: Ball 1-1: Ball 2-1: Swinging Strike 2-2: Strikes out swinging
|
Batting: LHB Juan Hernández
|
0-0: Ball 1-0: Foul Ball, location: 2F 1-1: Swinging Strike 1-2: Ball 2-2: Foul Ball, location: 2F 2-2: Foul Ball, location: 2F 2-2: SINGLE (Groundball, 34) Dan Martin to second Runner from 2nd tries for 3rd, SAFE, no throw or cutoff
|
Batting: LHB Tom Waller
|
0-0: Called Strike 0-1: SINGLE (Line Drive, 56D) Dan Martin scores Juan Hernández to second
|
Batting: RHB Edgardo Gonzáles
|
0-0: Called Strike 0-1: Ball 1-1: Ball 2-1: Foul Ball, location: 2F 2-2: Strikes out looking
|
Top of the 3rd over - 1 run(s), 3 hit(s), 0 error(s), 2 left on base; Redwood City 1 - Vancouver 0 |
BOTTOM OF THE 3RD |
Vancouver Vipers batting - Pitching for Redwood City Redwoods : RHP Manuel Mora
|
Batting: LHB Cipriano Miranda
|
0-0: Called Strike 0-1: Foul Ball, location: 2F 0-2: Ball 1-2: Strikes out looking
|
Batting: RHB Tomás Estrada
|
0-0: Ball 1-0: Ball 2-0: Ball 3-0: Base on Balls
|
Batting: RHB Kenneth Corbitt
|
0-0: Ball Tomás Estrada steals 2nd base 1-0: Called Strike 1-1: Ball 2-1: Foul Ball, location: 2F 2-2: SINGLE (Groundball, 5D) Tomás Estrada to third Runner from 3rd tries for Home, SAFE, throw made home Kenneth Corbitt to second
|
Batting: RHB Guillermo Sánchez
|
0-0: Foul Ball, location: 2F 0-1: Foul Ball, location: 2F 0-2: Ball 1-2: Foul Ball, location: 2F 1-2: Ball 2-2: 2-RUN HOME RUN (Flyball, 7LD), Distance : 363 ft
|
Batting: RHB Oscar Rudd
|
0-0: Called Strike 0-1: Ball 1-1: Called Strike 1-2: Foul Ball, location: 2F 1-2: Ball 2-2: Ball 3-2: Foul Ball, location: 2F 3-2: Strikes out swinging
|
Batting: RHB Dan Tyler
|
0-0: Called Strike 0-1: Ball 1-1: Ball 2-1: DOUBLE (Flyball, 89D)
|
Batting: SHB Henry Copeland
|
0-0: Called Strike 0-1: Ball 1-1: Ball 2-1: Ball 3-1: Foul Ball, location: 2F 3-2: Base on Balls
|
Batting: RHB Xavier Feliciano
|
0-0: Foul Ball, location: 2F 0-1: Ball 1-1: Ball 2-1: Foul Ball, location: 2F 2-2: Ball 3-2: Strikes out swinging
|
Bottom of the 3rd over - 3 run(s), 3 hit(s), 0 error(s), 2 left on base; Redwood City 1 - Vancouver 3 |
TOP OF THE 4TH |
Redwood City Redwoods batting - Pitching for Vancouver Vipers : LHP Malcolm Moore
|
Batting: LHB Patrick Bright
|
0-0: Fly out, F8 (Flyball, 8RD)
|
Batting: LHB Tony Warrilow
|
0-0: Foul Ball, location: 2F 0-1: Foul Ball, location: 2F 0-2: Ball 1-2: SOLO HOME RUN (Flyball, 78D), Distance : 401 ft
|
Batting: RHB Anastasio García
|
0-0: Ball 1-0: Ground out 2-3 (Groundball, 2R)
|
Batting: RHB Fu Tse
|
0-0: Fly out, F8 (Flyball, 8LS)
|
Top of the 4th over - 1 run(s), 1 hit(s), 0 error(s), 0 left on base; Redwood City 2 - Vancouver 3 |
BOTTOM OF THE 4TH |
Vancouver Vipers batting - Pitching for Redwood City Redwoods : RHP Manuel Mora
|
Batting: RHB Cristo Gilera
|
0-0: DOUBLE (Line Drive, 5D)
|
Batting: LHB Cipriano Miranda
|
0-0: Ball 1-0: Fly out, F7 (Flyball, 78XD) Runner from 2nd tags up, SAFE at 3rd, no throw
|
Batting: RHB Tomás Estrada
|
0-0: SINGLE (Groundball, 4M) Cristo Gilera scores
|
Batting: RHB Kenneth Corbitt
|
0-0: Ball 1-0: Called Strike 1-1: Ball 2-1: Ball 3-1: Fielders Choice at 2nd, 3-6 (Groundball, 3)
|
Batting: RHB Guillermo Sánchez
|
0-0: Called Strike 0-1: Ball 1-1: Foul Ball, location: 2F 1-2: Ground out 5-3 (Groundball, 5)
|
Bottom of the 4th over - 1 run(s), 2 hit(s), 0 error(s), 1 left on base; Redwood City 2 - Vancouver 4 |
TOP OF THE 5TH |
Redwood City Redwoods batting - Pitching for Vancouver Vipers : LHP Malcolm Moore
|
Batting: RHB Dan Martin
|
0-0: Ball 1-0: Fly out, F4 (Popup, 9LS)
|
Batting: LHB Eduardo Alomar
|
0-0: Ground out 4-3 (Groundball, 4)
|
Batting: LHB Juan Hernández
|
0-0: Foul Ball, location: 2F 0-1: Called Strike 0-2: Foul Ball, location: 2F 0-2: Ball 1-2: Ball 2-2: Reached on Error, E7 (Line Drive, 7S)
|
Batting: LHB Tom Waller
|
0-0: Ball 1-0: Hit by Pitch
|
Batting: RHB Edgardo Gonzáles
|
0-0: Ball 1-0: 3-RUN HOME RUN (Flyball, 7LD), Distance : 371 ft
|
Batting: LHB Patrick Bright
|
0-0: Ball 1-0: Ball 2-0: Ball 3-0: Called Strike 3-1: Fly out, F9 (Line Drive, 9M)
|
Top of the 5th over - 3 run(s), 1 hit(s), 1 error(s), 0 left on base; Redwood City 5 - Vancouver 4 |
BOTTOM OF THE 5TH |
Vancouver Vipers batting - Pitching for Redwood City Redwoods : RHP Manuel Mora
|
Batting: RHB Oscar Rudd
|
0-0: Ball 1-0: Ground out 4-3 (Groundball, 13)
|
Batting: RHB Dan Tyler
|
0-0: Ball 1-0: Foul Ball, location: 2F 1-1: Foul Ball, location: 2F 1-2: Ball 2-2: Ground out 1-3 (Groundball, 13S)
|
Batting: SHB Henry Copeland
|
0-0: Ball 1-0: Ball 2-0: Foul Ball, location: 2F 2-1: Swinging Strike 2-2: Strikes out swinging
|
Bottom of the 5th over - 0 run(s), 0 hit(s), 0 error(s), 0 left on base; Redwood City 5 - Vancouver 4 |
TOP OF THE 6TH |
Redwood City Redwoods batting - Pitching for Vancouver Vipers : LHP Malcolm Moore
|
Pitching: LHP Jack Taylor
|
|
Batting: LHB Tony Warrilow
|
0-0: Called Strike 0-1: Foul Ball, location: 2F 0-2: Ball 1-2: Strikes out swinging
|
Batting: RHB Anastasio García
|
0-0: Ball 1-0: Called Strike 1-1: Foul Ball, location: 2F 1-2: Strikes out swinging
|
Batting: RHB Fu Tse
|
0-0: Ball 1-0: Swinging Strike 1-1: Ball 2-1: DOUBLE (Line Drive, 7LS)
|
Batting: RHB Dan Martin
|
0-0: Ground out 6-3 (Groundball, 6M)
|
Top of the 6th over - 0 run(s), 1 hit(s), 0 error(s), 1 left on base; Redwood City 5 - Vancouver 4 |
BOTTOM OF THE 6TH |
Vancouver Vipers batting - Pitching for Redwood City Redwoods : RHP Manuel Mora
|
Batting: RHB Xavier Feliciano
|
0-0: Ball 1-0: Called Strike 1-1: Ball 2-1: Foul Ball, location: 2F 2-2: Ball 3-2: Foul Ball, location: 2F 3-2: Base on Balls
|
Pitching: RHP Lúcio Solano
|
|
Batting: RHB Cristo Gilera
|
0-0: Foul Ball, location: 2F 0-1: Ball 1-1: Ball 2-1: Ball 3-1: Base on Balls Xavier Feliciano to second
|
Batting: LHB Cipriano Miranda
|
0-0: Ball 1-0: Ball 2-0: DOUBLE (Flyball, 78XD) Xavier Feliciano scores Cristo Gilera to third Runner from 3rd tries for Home, throw and OUT!
|
Batting: RHB Tomás Estrada
|
0-0: Ball 1-0: Ball 2-0: Ball 3-0: Base on Balls
|
Batting: RHB Kenneth Corbitt
|
0-0: Called Strike 0-1: Ball 1-1: SINGLE (Flyball, 9LS) Cipriano Miranda to third Tomás Estrada to second Runner from 3rd tries for Home, SAFE, no throw or cutoff
|
Batting: RHB Guillermo Sánchez
|
0-0: Called Strike 0-1: Ball 1-1: Foul Ball, location: 2F 1-2: Ball 2-2: Foul Ball, location: 2F 2-2: Ball 3-2: Foul Ball, location: 2F 3-2: Grounds into double play, 6-4-3 (Groundball, 6)
|
Bottom of the 6th over - 2 run(s), 2 hit(s), 0 error(s), 1 left on base; Redwood City 5 - Vancouver 6 |
TOP OF THE 7TH |
Redwood City Redwoods batting - Pitching for Vancouver Vipers : LHP Jack Taylor
|
Pitching: LHP Kai-ge Hui
|
|
Batting: LHB Eduardo Alomar
|
0-0: Called Strike 0-1: Ball 1-1: Ball 2-1: Ground out 4-3 (Groundball, 4)
|
Batting: LHB Juan Hernández
|
0-0: Called Strike 0-1: Foul Ball, location: 2F 0-2: Ball 1-2: Strikes out swinging
|
Pitching: RHP Ulric Duval
|
|
Batting: LHB Tom Waller
|
0-0: Swinging Strike 0-1: Ground out 6-3 (Groundball, 6MD)
|
Top of the 7th over - 0 run(s), 0 hit(s), 0 error(s), 0 left on base; Redwood City 5 - Vancouver 6 |
BOTTOM OF THE 7TH |
Vancouver Vipers batting - Pitching for Redwood City Redwoods : RHP Lúcio Solano
|
Batting: RHB Oscar Rudd
|
0-0: Called Strike 0-1: Called Strike 0-2: Ground out U3 (Groundball, 3S)
|
Batting: RHB Dan Tyler
|
0-0: Called Strike 0-1: Ball 1-1: SINGLE (Groundball, 56)
|
Pinch Hitting: RHB Howard Lane
|
0-0: Called Strike Dan Tyler steals 2nd base 0-1: Ball 1-1: Intentional Walk
|
Pitching: RHP Carl Murgatroyd
|
|
Batting: RHB Xavier Feliciano
|
0-0: Ball 1-0: Called Strike 1-1: Foul Ball, location: 2F 1-2: Ball 2-2: Foul Ball, location: 2F 2-2: Foul Ball, location: 2F 2-2: Foul Ball, location: 2F 2-2: Hit by Pitch Dan Tyler to third Howard Lane to second
|
Pinch Hitting: LHB Ray Spencer
|
0-0: Fly out, F7 (Flyball, 78M) Runner from 3rd tags up, SCORES, no throw
|
Pitching: LHP Haywood Brown
|
|
Pinch Hitting: RHB Lorenzo González
|
0-0: Reached on Error, E4 (Popup, 89S) Howard Lane to third Xavier Feliciano to second
|
Pitching: LHP George Owens
|
|
Batting: RHB Tomás Estrada
|
0-0: Foul Ball, location: 2F 0-1: Fly out, F8 (Flyball, 8LXD)
|
Bottom of the 7th over - 1 run(s), 1 hit(s), 1 error(s), 3 left on base; Redwood City 5 - Vancouver 7 |
TOP OF THE 8TH |
Redwood City Redwoods batting - Pitching for Vancouver Vipers : RHP Ulric Duval
|
Now at 1B: Marvin Workman
|
|
Now at 2B: Enrique Flores
|
|
Now at 3B: Lorenzo González
|
|
Now in RF: Malcolm Thomas
|
|
Batting: RHB Edgardo Gonzáles
|
0-0: Ball 1-0: Called Strike 1-1: Swinging Strike 1-2: Ball 2-2: Ball 3-2: Ground out 5-3 (Groundball, 56)
|
Batting: LHB Patrick Bright
|
0-0: Called Strike 0-1: Ground out 4-3 (Groundball, 4)
|
Batting: LHB Tony Warrilow
|
0-0: Swinging Strike 0-1: Foul Ball, location: 2F 0-2: Ball 1-2: Strikes out swinging
|
Top of the 8th over - 0 run(s), 0 hit(s), 0 error(s), 0 left on base; Redwood City 5 - Vancouver 7 |
BOTTOM OF THE 8TH |
Vancouver Vipers batting - Pitching for Redwood City Redwoods : LHP George Owens
|
Batting: RHB Kenneth Corbitt
|
0-0: Called Strike 0-1: SINGLE (Line Drive, 56)
|
Batting: RHB Guillermo Sánchez
|
0-0: Ball 1-0: Ball 2-0: Bunted foul 2-1: Sac Bunt - play at first, batter OUT! 2-4 Kenneth Corbitt to second
|
Batting: RHB Oscar Rudd
|
0-0: Ground out 3-1 (Groundball, 3L) Kenneth Corbitt to third
|
Batting: RHB Dan Tyler
|
0-0: Called Strike 0-1: Ball 1-1: Ball 2-1: Foul Ball, location: 2F 2-2: Ball 3-2: Base on Balls
|
Batting: RHB Marvin Workman
|
0-0: Called Strike 0-1: Ball 1-1: Ball 2-1: Foul Ball, location: 2F 2-2: Fly out, F9 (Flyball, 89M)
|
Bottom of the 8th over - 0 run(s), 1 hit(s), 0 error(s), 2 left on base; Redwood City 5 - Vancouver 7 |
TOP OF THE 9TH |
Redwood City Redwoods batting - Pitching for Vancouver Vipers : RHP Ulric Duval
|
Pitching: RHP José García
|
|
Batting: RHB Anastasio García
|
0-0: Fly out, F6 (Popup, 6)
|
Batting: RHB Fu Tse
|
0-0: Called Strike 0-1: Swinging Strike 0-2: Strikes out looking
|
Batting: RHB Dan Martin
|
0-0: Ball 1-0: Fly out, F7 (Flyball, 7M)
|
Top of the 9th over - 0 run(s), 0 hit(s), 0 error(s), 0 left on base; Redwood City 5 - Vancouver 7 |
|